 Dungeon Crawl Stone Soup version 0.28-a0-1629-gf728b707aa (webtiles) character file.

Game seed: 7367338884339623569

15 psuckher the Sneak (level 2, 0/22 HPs)
             Began as a Demonspawn Brigand on Jan 24, 2022.
             Slain by a worm (3 damage)
             ... on level 2 of the Dungeon.
             The game lasted 00:03:28 (448 turns).

psuckher the Sneak (Demonspawn Brigand)              Turns: 448, Time: 00:03:28

Health: 0/22       AC:  3    Str: 11    XL:     2   Next: 34%
Magic:  2/2        EV: 11    Int: 12    God:
Gold:   40         SH:  0    Dex: 14    Spells: 1/1 levels left

rFire   . . .      SeeInvis .   a - +2 dagger
rCold   . . .      Faith    .   (no shield)
rNeg    . . .      Spirit   .   b - +0 robe
rPois   .          Reflect  .   (no helmet)
rElec   .          Harm     .   c - +0 cloak
rCorr   .          Rampage  .   (no gloves)
Will    .....                   (no boots)
Stlth   +++.......              (no amulet)
HPRegen 0.07/turn               (no ring)
MPRegen 0.08/turn               (no ring)

@: mighty
A: ignite blood 1
a: no special abilities


You were on level 2 of the Dungeon.
You visited 1 branch of the dungeon, and saw 2 of its levels.

You collected 40 gold pieces.

Inventory:

Hand Weapons
 a - a +2 dagger (weapon)
Missiles
 d - 8 poisoned darts
 e - 2 curare-tipped darts (quivered)
Armour
 b - a +0 robe (worn)
 c - a +0 cloak (worn)
Scrolls
 g - a scroll of teleportation {unknown}
 h - a scroll of identify {unknown}
 i - a scroll of immolation {unknown}


   Skills:
 + Level 2.1 Fighting
 + Level 2.0 Short Blades
 + Level 1.9 Throwing
 * Level 1.0 Dodging
 + Level 3.9 Stealth


You had one spell level left.
You didn't know any spells.
Your spell library was empty.

Dungeon Overview and Level Annotations

Branches:
Dungeon (1/15)

Altars:


Innate Abilities, Weirdness & Mutations

Your demonic aura sometimes causes spilled blood to erupt in flames.


Message History

The kobold throws a stone.
The stone hits you but does no damage.
You hit the kobold.
You kill the kobold!
You hit the kobold.
You kill the kobold!
Things that are here:
a +0 short sword; 2 stones
Found a scroll labelled WECURCH TOSI.
i - a scroll labelled WECURCH TOSI A worm comes into view.
An adder comes into view.
A rat comes into view.
You barely miss the worm. You hit the worm.
The worm is lightly wounded.
The worm bites you.
You hit the worm.
The worm is lightly wounded.
You hit the worm.
The worm is moderately wounded.
The rat bites you but does no damage. The worm barely misses you.
You hit the worm but do no damage.
The worm is moderately wounded.
The rat bites you.
You hit the worm.
The worm is severely wounded.
The worm bites you but does no damage. The rat bites you.
You hit the worm.
The worm is severely wounded.
The rat bites you. The worm bites you.
* * * LOW HITPOINT WARNING * * *
You hit the worm.
The worm is severely wounded.
It was a potion of might.
You feel very mighty all of a sudden. The rat barely misses you.
You closely miss the rat.
The adder hisses angrily.
The rat bites you but does no damage. The worm bites you.
You die...

###### ###....# #......#
# #......#
##.#.###########....).###
.......w...........).....
.......r@................
..........##.............
###.......##.............
#.......##........#####
#.......##........#
#....S..##........#
#.......##........#
........#########..# ##.#


You could see a worm, an adder and a rat.

Vanquished Creatures
  A bat (D:1)
  A giant cockroach (D:2)
  A goblin (D:2)
  A hobgoblin (D:1)
  A quokka (D:1)
  2 ball pythons (D:1)
  A frilled lizard (D:2)
  3 kobolds
  3 rats
14 creatures vanquished.

Notes
Turn   | Place    | Note
-------+----------+-------------------------------------------
     0 | D:1      | psuckher the Demonspawn Brigand began the quest for the
                  | Orb.
     0 | D:1      | Reached XP level 1. HP: 16/16 MP: 1/1
   334 | D:1      | You fall into a shaft and drop 1 floor!
   337 | D:2      | Gained mutation: Your demonic aura sometimes causes spilled
                  | blood to erupt in flames. [demonic ancestry]
   337 | D:2      | Reached XP level 2. HP: 17/22 MP: 2/2
   357 | D:2      | Reached skill level 1 in Dodging
   448 | D:2      | Slain by a worm

Illustrated notes

Levels and vault maps discovered:
D:1:      wander_arrival_chamber, layout_basic, roderic_st_hans_cross
D:2:      layout_basic, st_stairs_3, uniq_terence

Skill      XL: |  1  2 |
---------------+-------+-----
Short Blades   | 2 |  2.0
Dodging        | 1 |  1.0
Fighting       | |  2.1
Throwing       | |  1.9
Stealth        | |  3.9

Action                   || total
-------------------------++-------
Melee: Dagger            ||    60
  Use: Potion            ||     1
 Stab: Sleeping          ||     3
Armor: Robe              ||    20
Dodge: Dodged            ||    41

Table legend: (Time is in decaauts)
 A = Elapsed time spent in this place.
 B = Non-inter-level travel time spent in this place.
 C = Inter-level travel time spent in this place.
 D = Time resting spent in this place.
 E = Time spent auto-exploring this place.
 F = Levels seen in this place.
 G = Mean time per level.
                   A        B        C        D        E       F      G
               +--------+--------+--------+--------+--------+-----+--------+
         Total |    442 |    400 |     42 |      0 |      0 |   2 |  221.0 |
       Dungeon |    442 |    400 |     42 |      0 |      0 |   2 |  221.0 |
               +--------+--------+--------+--------+--------+-----+--------+

Top non-repeatable levels by time:
     D:1: 330 daAuts
     D:2: 111 daAuts
